 Dungeon Crawl Stone Soup version 0.21.1-1-g345015fe64 (webtiles) character file.

71 4FPSwarrior the Ruffian (level 4, -2/36 HPs)
             Began as a Ghoul Warper on Apr 12, 2018.
             Slain by a shadow imp (3 damage)
             ... summoned by Natasha
             ... on level 2 of the Dungeon.
             The game lasted 00:09:16 (1177 turns).

4FPSwarrior the Ruffian (Ghoul Warper)              Turns: 1177, Time: 00:09:17

Health: -2/36      AC:  3    Str: 15    XL:     4   Next: 24%
Magic:  5/5        EV: 11    Int:  8    God:
Gold:   87         SH:  0    Dex:  8    Spells: 6/6 levels left

rFire    . . .     SeeInvis .     - Unarmed
rCold    + . .     Gourm    .   (no shield)
rNeg     + + +     Faith    .   a - +0 leather armour
rPois    ∞         Spirit   .   (no helmet)
rElec    .         Reflect  .   (no cloak)
rCorr    .         Harm     .   (no gloves)
MR       .....                  (no boots)
Stlth    +.........             (no amulet)
HPRegen  0.00/turn              (no ring)
MPRegen  0.09/turn              (no ring)

@: rotting
A: rotting body, claws 1, carnivore, cold resistance 1, negative energy
resistance 3, inhibited regeneration, torment resistance, unbreathing
a: no special abilities


You were on level 2 of the Dungeon.
You were not hungry.

You visited 1 branch of the dungeon, and saw 2 of its levels.

You collected 87 gold pieces.

Inventory:

Missiles
 d - 5 tomahawks of dispersal (quivered)
Armour
 a - a +0 leather armour (worn)
Scrolls
 c - a scroll of blinking
 e - 2 scrolls of identify
 i - a scroll of remove curse
 j - 2 scrolls of enchant armour {unknown}
Potions
 h - a potion of lignification {unknown}
 k - a potion of brilliance {unknown}
 l - 2 potions of agility {unknown}
 m - a potion of degeneration {unknown}
 n - 2 potions of berserk rage {unknown}
Books
 b - a book of Spatial Translocations

   Spells                             Type                      Level
   a - Blink                          Translocation                2
   b - Shroud of Golubria             Charms/Translocation         2
   c - Lesser Beckoning               Translocation                3
   d - Gell's Gravitas                Translocation                3
   e - Teleport Other                 Translocation                3
   f - Passage of Golubria            Translocation                4
Comestibles
 f - 7 rations
 p - a chunk of flesh


   Skills:
 - Level 2.1 Fighting
 - Level 0.8 Throwing
 - Level 0.8 Armour
 - Level 1.7 Dodging
 + Level 4.8 Unarmed Combat
 - Level 1.7 Spellcasting
   Level 2.6 Translocations


You had 6 spell levels left.
You didn't know any spells.

Dungeon Overview and Level Annotations

Branches:
Dungeon (2/15)

Altars:

Annotations:
D:2 Natasha, Sigmund


Innate Abilities, Weirdness & Mutations

Your body is rotting away.
You thrive on raw meat.
You are immune to poison.
You have sharp fingernails.
You are carnivorous and can eat meat at any time.
Your flesh is cold resistant. (rC+)
You are immune to negative energy. (rN+++)
You do not regenerate when monsters are visible.
You are immune to unholy pain and torment.
You can survive without breathing.


Message History

As you read the scroll labeled NIONGO LOIF, it crumbles to dust.
It is a scroll of identify.
i - a scroll of remove curse Natasha closely misses you.
Natasha casts a spell.
Natasha casts a spell at you. The magic dart hits you!
You feel yourself speed up. The shadow imp hits you.
* * * LOW HITPOINT WARNING * * *
As you read the scroll labeled MAADITR XITEUMP, it crumbles to dust.
It is a scroll of amnesia.
You feel forgetful for a moment. The shadow imp hits you.
* * * LOW HITPOINT WARNING * * *
As you read the scroll labeled RAS WYC NAVVI, it crumbles to dust.
You feel aware of your surroundings.
You sensed 1 altar.
It was a scroll of magic mapping.
Something hits you.
* * * LOW HITPOINT WARNING * * *
The shadow imp hits you.
You die...

#..##.....).......##.#......#
#.###.#####.#.####*#.##.##### #.#
#.##.)....# #....# #.#
#.##.###..# #.#### #.# #.##.#
#..# #.# #.# #.##.# #..# #(# #.#
#.##.###..## #.# #.#
#.........{#####.# #.#
####)#...5h5@.÷..# #.#
#.#.#.5######## #.# #.#.#..#
######### #.######...#.5#
#######....@..h #...)...(..#.5#
#.........#####
##########.#..#####.#####.#.#####
#(#.....................
#.#......5.........#####
#.########.#######......


You could see Natasha, a crimson imp, a white imp and a shadow imp.

Vanquished Creatures
  2 adders (D:2)
  2 dart slugs (D:1)
  4 leopard geckos
  4 bats
  2 giant cockroaches (D:1)
  7 goblins
  6 hobgoblins
  3 jackals (D:1)
  A ball python (D:2)
  2 frilled lizards (D:1)
  5 kobolds
  3 rats
41 creatures vanquished.

Notes
Turn   | Place    | Note
-------+----------+-------------------------------------------
     0 | D:1      | 4FPSwarrior the Ghoul Warper began the quest for the Orb.
     0 | D:1      | Reached XP level 1. HP: 17/17 MP: 2/2
    53 | D:1      | Reached XP level 2. HP: 21/24 MP: 3/3
    80 | D:1      | Reached skill level 3 in Unarmed Combat
   293 | D:1      | Reached XP level 3. HP: 28/29 MP: 4/4
   340 | D:1      | Reached skill level 4 in Unarmed Combat
  1098 | D:2      | Reached XP level 4. HP: 22/36 MP: 5/5
  1151 | D:2      | Noticed Natasha
  1152 | D:2      | Noticed Sigmund
  1177 | D:2      | HP: 1/36 [something (4)]
  1177 | D:2      | Slain by a shadow imp

Skill      XL: |  1  2  3 |
---------------+----------+-----
Unarmed Combat | 3 4 |  4.8
Fighting       | |  2.1
Throwing       | |  0.8
Armour         | |  0.8
Dodging        | |  1.7
Spellcasting   | |  1.7
Translocations | |  2.6

Action                   |  1- 3 |  4- 6 || total
-------------------------+-------+-------++-------
Melee: Unarmed           |   123 |     5 ||   128
  Use: Scroll            |       |     3 ||     3
  Eat: Chunk             |    19 |     3 ||    22
Armor: Leather armour    |    26 |     1 ||    27
Dodge: Dodged            |    64 |     5 ||    69
